 Dungeon Crawl Stone Soup version 0.23-a0-767-gdc19b93d68 (webtiles) character file.

140 Kohma the Grave Robber (level 5, -1/35 HPs)
             Began as a Demonspawn Necromancer on Jan 29, 2019.
             Killed by divine providence
             ... invoked by an orc priest
              (17 damage)
             ... on level 3 of the Dungeon.
             The game lasted 00:09:47 (2366 turns).

Kohma the Grave Robber (Demonspawn Necromancer)     Turns: 2366, Time: 00:09:47

Health: -1/35      AC:  6    Str: 10    XL:     5   Next: 2%
Magic:  6/8        EV: 14    Int: 16    God:
Gold:   183        SH:  0    Dex: 13    Spells: 2/8 levels left

rFire    + . .     SeeInvis .   n - +1 spear (venom)
rCold    . . .     Gourm    .   (no shield)
rNeg     . . .     Faith    .   q - +2 robe {rF+}
rPois    .         Spirit   .   r - +0 helmet
rElec    .         Reflect  .   (no cloak)
rCorr    .         Harm     .   (no gloves)
MR       .....                  t - +0 pair of boots
Stlth    +++.......             (no amulet)
HPRegen  0.11/turn              (no ring)
MPRegen  0.11/turn              (no ring)

@: no status effects
A: repulsion field 1, nightstalker 1
a: no special abilities


You were on level 3 of the Dungeon.
You were hungry.

You visited 1 branch of the dungeon, and saw 3 of its levels.

You collected 183 gold pieces.

Inventory:

Hand Weapons
 n - a +1 spear of venom (weapon)
Missiles
 b - 17 poisoned needles
 k - 22 sling bullets
 l - 43 stones (quivered)
Armour
 q - a +2 robe of fire resistance (worn)
 r - a +0 helmet (worn)
 t - a +0 pair of boots (worn)
Jewellery
 p - an uncursed ring of magical power {unknown}
Scrolls
 a - 3 scrolls of identify {unknown}
 f - a scroll of remove curse {unknown}
 m - 3 scrolls of teleportation {unknown}
 o - a scroll of immolation {unknown}
 u - a scroll of enchant weapon {unknown}
Potions
 d - a potion of invisibility {unknown}
 e - a potion of might {unknown}
 g - 2 potions of berserk rage {unknown}
 h - a potion of lignification {unknown}
 i - 4 potions of resistance {unknown}
 j - a potion of brilliance {unknown}
Comestibles
 c - 5 rations


   Skills:
 - Level 1.7 Dodging
 - Level 1.7 Stealth
 - Level 2.0 Spellcasting
 + Level 7.0 Necromancy


You had 2 spell levels left.
You knew the following spells:

 Your Spells              Type           Power        Failure   Level  Hunger
a - Pain                  Necr           ###.         1%          1    #......
b - Animate Skeleton      Necr           N/A          1%          1    #......
c - Animate Dead          Necr           N/A          12%         4    #####..

Your spell library contained the following spells:

 Spells                   Type           Power        Failure   Level  Hunger
 Vampiric Draining        Necr           ###.......   3%          3    ###....
 Regeneration             Chrm/Necr      ##........   14%         3    ###....


Dungeon Overview and Level Annotations

Branches:
Dungeon (3/15)

Altars:


Innate Abilities, Weirdness & Mutations

You are surrounded by a mild repulsion field. (EV +2)
You are slightly more attuned to the shadows.


Message History

You call on the dead to rise...
The dead are walking!
You are feeling hungry.
The orc priest hits your orc zombie with a cursed -3 whip.
The orc hits you but does no damage. What are your orders? t - Shout!
Orders for allies: a - Attack new target. r - Retreat! s - Stop attacking. g - Guard the area. f - Follow me.
Anything else - Cancel.
Gang up on whom?
Press: ? - help, Dir - move target cursor, f - orc priest
Aim: an orc priest, wielding a -3 whip Attack!
The orc hits you with a +0 dagger.
The orc priest hits your orc zombie with a cursed -3 whip.
Your orc zombie is destroyed!
You see here a +0 club.
The orc priest invokes the aid of Beogh against you.
Beogh smites you!
You die...

#.. #.# #.# #.# .# #.# #.#
#.######## ##### #.#
#........### #.o.. #.#
#..#.o.o.o.# #.###
##.##########..#@###.#.######.#
...#...)....[...<.......o.o...#
.....................#.########
##.#)###.#.....#.##..#.#
##.....#.###......#..#.#
##.###.#.###...#.......# ######
##.# #............#..### #.....
##.###.#..........#..# #.####
##.>...#..<....^..#..### #.# #


You could see an orc priest and 2 orcs.

Vanquished Creatures
  An orc priest (D:3)
  Jessica (D:2)
  2 adders (D:2)
  An ooze (D:2)
  A worm (D:2)
  A dart slug (D:2)
  A leopard gecko (D:1)
  An orc (D:3)
  3 bats
  2 giant cockroaches
  6 goblins
  7 hobgoblins
  8 kobolds
  2 quokkas (D:2)
  5 frilled lizards
  10 rats
52 creatures vanquished.

Vanquished Creatures (collateral kills)
  A dart slug (D:1)
  A frilled lizard (D:2)
  A rat (D:2)
3 creatures vanquished.

Grand Total: 55 creatures vanquished

Notes
Turn   | Place    | Note
-------+----------+-------------------------------------------
     0 | D:1      | Kohma the Demonspawn Necromancer began the quest for the
                  | Orb.
     0 | D:1      | Reached XP level 1. HP: 13/13 MP: 3/3
     2 | D:1      | Learned a level 1 spell: Animate Skeleton
   419 | D:1      | Gained mutation: You are slightly more attuned to the
                  | shadows. [demonic ancestry]
   419 | D:1      | Reached XP level 2. HP: 18/19 MP: 3/5
   433 | D:1      | Reached skill level 5 in Necromancy
   876 | D:2      | Noticed Jessica
   879 | D:2      | Killed Jessica
   879 | D:2      | Reached XP level 3. HP: 20/24 MP: 2/6
  1037 | D:2      | Reached skill level 6 in Necromancy
  1231 | D:2      | Reached XP level 4. HP: 27/30 MP: 4/7
  2224 | D:3      | Learned a level 4 spell: Animate Dead
  2330 | D:3      | Reached skill level 7 in Necromancy
  2330 | D:3      | Gained mutation: You are surrounded by a mild repulsion
                  | field. (EV +2) [demonic ancestry]
  2330 | D:3      | Reached XP level 5. HP: 15/35 MP: 6/8
  2366 | D:3      | Killed from afar by an orc priest

Vault maps used:
D:1:      psy_arrival_conway, serial_glass, glass_columns_a, glass_columns_a,
          minmay_strange_pillars, minmay_strange_pillars, feat_on_display,
          hangedman_abyss_or_decor_stabs
D:2:      uniq_jessica
D:3:      uniq_crazy_yiuf_cottage

Skill      XL: |  1  2  3  4 |
---------------+-------------+-----
Necromancy     | 5 6 7 |  7.0
Dodging        | |  1.7
Stealth        | |  1.7
Spellcasting   | |  2.0

Action                   |  1- 3 |  4- 6 || total
-------------------------+-------+-------++-------
Melee: Unarmed           |     1 |       ||     1
       Spear             |    20 |    74 ||    94
 Cast: Pain              |    27 |     8 ||    35
       Animate Skeleton  |     5 |     3 ||     8
       Animate Dead      |       |     2 ||     2
 Stab: Sleeping          |     3 |     6 ||     9
       Distracted        |       |     1 ||     1
  Eat: Chunk             |     1 |     4 ||     5
Armor: Robe              |     7 |    16 ||    23
Dodge: Dodged            |    11 |    36 ||    47

Table legend:
 A = Non-vault XP
 B = Vault XP
 C = Vault XP percentage of total XP
 D = Non-vault monster count
 E = Vault monster count
 F = Vault count percentage of total count
                 A         B        C        D         E       F
            +---------+---------+-------+---------+---------+-------
      Total |     164 |      37 |  18.4 |      54 |       1 |   1.8
            +---------+---------+-------+---------+---------+-------
        D:1 |      24 |       0 |   0.0 |      13 |       0 |   0.0
        D:2 |      85 |      37 |  30.3 |      33 |       1 |   2.9
        D:3 |      55 |       0 |   0.0 |       8 |       0 |   0.0
            +---------+---------+-------+---------+---------+-------
